 Dungeon Crawl Stone Soup version 0.30.0-5-g1a98f26d00 (webtiles) character file.

Game seed: 6553006253033409062

1 monsoonserge the Insei (level 1, 0/15 HPs)
             Began as a Demigod Transmuter on May 12, 2023.
             Slain by a quokka (3 damage)
             ... on level 1 of the Dungeon.
             The game lasted 00:00:36 (111 turns).

monsoonserge the Insei (Demigod Transmuter)          Turns: 111, Time: 00:00:37

Health: 0/15       AC:  2    Str: 11    XL:     1   Next: 13%
Magic:  3/5        EV: 12    Int: 15    God:
Gold:   21         SH:  0    Dex: 14    Spells: 2/3 levels left

rFire   . .          .
                       - Unarmed
rCold   . . .        (no shield)
rNeg    . . .        a - +0 robe
rPois   .            (helmet currently unavailable)
rElec   .            (no cloak)
rCorr   .            (no gloves)
SInv    .            (boots currently unavailable)
Will    .....        (no amulet)
Stlth   +            (no ring)
HPRegen 0.22/turn    (no ring)
MPRegen 0.09/turn

%: no passive effects
@: appendages (expiring)
A: horns 2, talons 2, high MP 1, forlorn, divine attributes
a: End Transformation


You were on level 1 of the Dungeon.
You had temporarily grown beastly horns and talons.
You visited 1 branch of the dungeon, and saw 1 of its levels.

You collected 21 gold pieces.

Inventory:

Armour
 a - a +0 robe (worn)
Scrolls
 c - a scroll of poison {unknown}
Potions
 b - a potion of lignification


   Skills:
 + Level 0.8 Fighting
 + Level 1.7 Dodging
 + Level 2.6 Unarmed Combat
 + Level 1.7 Spellcasting
 + Level 1.9 Transmutations


You had 2 spell levels left.
You knew the following spells:

 Your Spells              Type           Power      Damage    Failure   Level
a - Beastly Appendage     Tmut           14%        N/A       11%         1

Your spell library contained the following spells:

 Spells                   Type           Power      Damage    Failure   Level
 Wereblood                Tmut           7%         N/A       16%         2
 Spider Form              Tmut/Pois      4%         N/A       43%         3
 Ice Form                 Ice/Tmut       4%         N/A       83%         4


Dungeon Overview and Level Annotations

Branches:
Dungeon (1/15)


Innate Abilities, Weirdness & Mutations

You have temporarily grown beastly horns and talons.
You have an increased reservoir of magic. (+10% MP)
You shall have no god before yourself.
Your divine heritage dramatically boosts your attributes as you level up.


Message History

Magic restored.
Your horns disappear.
Your talons disappear.
A hobgoblin comes into view.
A quokka comes into view.
The quokka closely misses you.
You barely miss the quokka. The quokka misses you.
You hit the quokka but do no damage. The quokka bites you.
You closely miss the quokka. The quokka closely misses you.
You barely miss the quokka.
The hobgoblin shouts!
You hear a shout!
The quokka closely misses you.
You hear a shout!
You closely miss the quokka. The quokka misses you.
You barely miss the quokka. The quokka closely misses you.
Casting: Beastly Appendage (safe; 11% risk of failure)
Confirm with . or Enter, or press ? or * to list all spells.
You grow a pair of large bovine horns.
Your feet morph into talons.
The quokka bites you but does no damage.
The quokka bites you.
You closely miss the quokka. Your kick misses the quokka.
A hobgoblin comes into view.
The hobgoblin closely misses you. The quokka bites you.
The hobgoblin attacks as you move away! The hobgoblin hits you.
Your transformation is almost over.
You barely miss the quokka. Your headbutt misses the quokka.
The quokka bites you.
Casting: Beastly Appendage (safe; 11% risk of failure)
Confirm with . or Enter, or press ? or * to list all spells.
You extend your transformation's duration.
The quokka barely misses you.
You barely miss the quokka. Your headbutt misses the quokka.
The quokka bites you.
* * * LOW HITPOINT WARNING * * *
The quokka bites you.
* * * LOW HITPOINT WARNING * * *
You hit the quokka. Your kick misses the quokka.
The quokka is heavily wounded.
Your transformation is almost over.
The quokka bites you.
You die...

..# ##### #.# #.... #.#
#.### #.# #....
#.#######.#####.#.#
######..............###.
#.....gg# ###.###.## ##
#######r# ##.###.
#######@######.# ##.#.#
.......#.......# #..##
#######.######## #.##
#.# #.# #.# #####.# #.#
#.....# #.# #.#####
#.########†#
#..........#


You could see a quokka and 2 hobgoblins.

Vanquished Creatures
  A quokka (D:1)
1 creature vanquished.

Notes
Turn   | Place    | Note
-------+----------+-------------------------------------------
     0 | D:1      | monsoonserge the Demigod Transmuter began the quest for the
                  | Orb.
     0 | D:1      | Reached XP level 1. HP: 15/15 MP: 5/5
   111 | D:1      | Slain by a quokka

Illustrated notes

Levels and vault maps discovered:
D:1:      dpeg_arrival_windows_large_door, layout_loops_ring, bh_walls_and_bars

Action                     || total
---------------------------++-------
  Melee: Unarmed           ||    16
         Kick              ||     1
   Cast: Beastly Appendage ||     3
 Armour: Robe              ||     2
  Dodge: Dodged            ||    12
